AoeStats
← gifted

Black Forest

510501682Analyzed
2v2 RM · 19h ago on Oct 1, 2026· 39m 13s· 4 players
Game mode
Random Map
Map size
Medium (4 player)
Population
200
Speed
Normal
Resources
Standard
Victory
Conquest
Starting age
Dark Age
Ending age
Imperial Age
RankedLock teamsTeams togetherTeam positionsShared explorationLock speedFull tech treeHidden civsTurbo modeCheats
Victory
Defeat
🇦🇺 Byzantines · Australia
1355
+14
🇫🇷 Inca · France
1212
+20
🇪🇸 Celts · Spain
1330
-18
🇩🇪 Poles · Germany
1291
-16
Wanda Lismus
0:42 Loom
10:48 Feudal Age
11:09 Man-at-Arms
12:10 Arson
14:09 Forging
21:51 Castle Age
19:42 Double-Bit Axe
20:37 Horse Collar
22:36 Heavy Plow
22:48 Bow Saw
23:30 Iron Casting
23:13 Long Swordsman
24:33 Scale Mail Armor
24:37 Squires
27:59 Chain Mail Armor
35:02 Caravan
36:30 Gold Mining
39:29 Imperial Age
37:21 Scale Barding Armor
38:36 Wheelbarrow
38:39 Szlachta Privileges
38:48 Bloodlines
38:39 Husbandry
39:02 Chain Barding Armor
Not for Me4408
11:34 Feudal Age
12:09 Double-Bit Axe
15:04 Castle Age
17:53 Bow Saw
19:19 Horse Collar
21:37 Heavy Plow
22:14 Stone Mining
28:33 Imperial Age
25:50 Loom
25:52 Town Watch
26:49 Wheelbarrow
26:13 Gold Mining
26:24 Gambesons
27:28 Scale Mail Armor
27:48 Caravan
27:34 Pikeman
28:53 Hand Cart
29:34 Gold Shaft Mining
29:44 Ballistics
28:47 Capped Ram
29:32 Arson
30:34 Conscription
31:02 Siege Ram
32:37 Chain Mail Armor
32:59 Forging
33:35 Furor Celtica
34:02 Hoardings
33:25 Halberdier
33:59 Heavy Scorpion
35:52 Plate Mail Armor
35:58 Iron Casting
35:25 Elite Woad Raider
38:47 Coinage
40:22 Blast Furnace
39:13 Fletching
39:36 Masonry
39:35 Siege Engineers
Teiko
0:52 Loom
12:17 Feudal Age
16:47 Castle Age
15:22 Horse Collar
16:21 Double-Bit Axe
19:40 Heavy Plow
22:05 Bow Saw
28:19 Wheelbarrow
27:29 Town Watch
31:00 Imperial Age
29:21 Gold Mining
29:21 Stone Mining
29:14 Champi Runner
29:54 Squires
29:40 Arson
30:27 Forging
30:18 Scale Mail Armor
30:06 Champi Warrior
30:54 Thumb Ring
30:54 Padded Archer Armor
32:12 Elite Champi Warrior
33:43 Chain Mail Armor
36:01 Hand Cart
36:45 Plate Mail Armor
36:51 Iron Casting
35:40 Capped Ram
37:04 Fletching
37:30 Leather Archer Armor
37:36 Fabric Shields
37:36 Andean Sling
37:57 Conscription
38:14 Hoardings
37:43 Stone Mining
38:29 Gold Shaft Mining
38:24 Crop Rotation
38:42 Siege Ram
gifted
9:53 Feudal Age
14:25 Castle Age
13:49 Loom
25:08 Horse Collar
30:58 Wheelbarrow
34:54 Forging
34:49 Scale Barding Armor
35:08 Gold Mining
38:14 Imperial Age
36:04 Hand Cart
36:47 Stone Mining
38:06 Gold Shaft Mining
38:37 Iron Casting
39:41 Chain Barding Armor
Connection lost

Rejoining the realm…

Still unreachable

The connection could not be restored.

Session expired

The server has moved on; the page needs a fresh start.